 Dungeon Crawl Stone Soup version 0.21.1-1-g345015f (webtiles) character file.

471170 JeronimusCornelisz the Conqueror (level 23, 0/192 HPs)
             Began as a Minotaur Berserker on Feb 8, 2018.
             Was the Champion of Trog.
             Slain by a ghost moth (3 damage)
             ... on level 4 of the Abyss on Feb 16, 2018.
             The game lasted 10:15:05 (80135 turns).

JeronimusCornelisz the Conqueror (MiBe)            Turns: 80135, Time: 10:15:06

Health: 0/192      AC: 41    Str: 27 (28) XL:     23   Next: 54%
Magic:  0/22       EV: 13    Int:  8      God:    Trog [******]
Gold:   2002       SH: 21    Dex: 13      Spells: 22/22 levels left

rFire    + + .     SeeInvis .   a - +8 broad axe (protect)
rCold    + + .     Gourm    .   Q - +1 shield {AC+3}
rNeg     . . .     Faith    .   G - +0 gold dragon scales
rPois    +         Spirit   .   J - +2 hat {Int+3}
rElec    .         Reflect  +   e - scarf {rC+ rF+}
rCorr    .         Harm     .   A - +2 pair of gloves {archery}
MR       +....     Rnd*Rage +   I - +1 pair of boots {run} Stlth ..........Rnd*Tele +
                                M - +3 amulet of reflection
HPRegen  0.00/turn              l - +5 ring of protection
MPRegen  0.18/turn              S - ring of Shadows {Umbra +Inv Stlth+}

@: protection aura, hasted, wreathed by umbra, very quick
A: retaliatory headbutt, claws 1, horns 2, icy blue scales 1, [berserk 1],
[deformed body], frail 2, [inhibited regeneration], [teleportitis 1]
}: 2/15 runes: decaying, serpentine
a: Berserk, Trog's Hand, Brothers in Arms, Burn Spellbooks, Renounce Religion,
Evoke Invisibility


You were on level 4 of the Abyss.
You worshipped Trog.
Trog was exalted by your worship.
You were not hungry.

You visited 7 branches of the dungeon, and saw 39 of its levels.
You visited the Abyss 4 times.
You also visited: Labyrinth, Trove and Bailey.

You collected 6271 gold pieces.
You spent 4269 gold pieces at shops.

Inventory:

Hand Weapons
 a - a +8 broad axe of protection (weapon)
 b - a +4 fustibalus of freezing
 d - the +8 hand axe "Wile" {chop, MR+ MP-9 Dex+4}
   (Trog gifted it to you on level 5 of the Depths)

   It inflicts extra damage upon your enemies.
   It affects your dexterity (+4).
   It affects your resistance to hostile enchantments.
   It affects your magic capacity (-9).
 m - a +3 antimagic war axe
 K - the +4 war axe of the Doomed Warrior {protect, rC+ Str+6 Int+4}
   (Trog gifted it to you on level 3 of the Vaults)

   It protects the one who uses it against injury (+AC on strike).
   It affects your strength (+6).
   It affects your intelligence (+4).
   It protects you from cold.
 X - the +4 mace "Pudaof" {speed, rElec rPois rN+ Stlth+}
   (You found it on level 3 of the Lair of Beasts)

   Attacks with this weapon are significantly faster.
   It insulates you from electricity.
   It protects you from poison.
   It protects you from negative energy.
   It makes you more stealthy.
Missiles
 n - 6 javelins (quivered)
 v - 7 tomahawks of returning
 D - 19 tomahawks
 H - 495 sling bullets
Armour
 e - a scarf of resistance (worn)
 A - a +2 pair of gloves of archery (worn)
 G - +0 gold dragon scales (worn)
 I - a +1 pair of boots of running (worn)
 J - a +2 hat of intelligence (worn)
 Q - a +1 shield of protection (worn)
Jewellery
 l - a +5 ring of protection (left hand)
 B - an uncursed ring of flight
 M - a +3 amulet of reflection (around neck)
 N - an uncursed ring of resist corrosion
 S - the ring of Shadows (right hand) {Umbra +Inv Stlth+}
   (You bought it in a shop on level 2 of the Vaults)

   [ring of stealth]

   It lets you turn invisible.
   It makes you more stealthy.
 U - an uncursed ring of see invisible
 V - a +5 ring of evasion
 Z - an uncursed ring of positive energy
Wands
 f - a wand of digging (15)
 j - a wand of acid (41)
 p - a wand of flame (206)
 u - a wand of iceblast (24)
 x - a wand of scattershot (8)
 C - a wand of enslavement (5)
 O - a wand of disintegration (37)
 Y - a wand of clouds (6)
Scrolls
 i - 5 scrolls of silence
 k - 9 scrolls of remove curse
 r - 17 scrolls of identify
 t - 15 scrolls of teleportation
 y - 8 scrolls of blinking
 P - 5 scrolls of fog
 T - 2 scrolls of magic mapping
 W - 5 scrolls of fear
Potions
 c - 6 potions of curing
 g - 7 potions of might
 h - 7 potions of cancellation
 o - 8 potions of haste
 q - 2 potions of heal wounds
 z - 3 potions of resistance
Miscellaneous
 s - a box of beasts
 w - 2 phantom mirrors
 F - a fan of gales
 R - a sack of spiders
Comestibles
 E - 42 rations


   Skills:
 O Level 27 Fighting
 - Level 18.0 Axes
 - Level 13.9(14.0) Slings
 - Level 0.8(8.5) Throwing
 + Level 17.7 Armour
 - Level 15.5 Dodging
 - Level 3.1 Stealth
 + Level 22.5 Shields
 + Level 0.8 Evocations


You had 22 spell levels left.
You didn't know any spells.

Dungeon Overview and Level Annotations

Branches:
Dungeon (15/15)            Temple (0/1) D:4            Lair (6/6) D:11
  Swamp (4/4) Lair:2        Snake (4/4) Lair:3        Slime (0/5) Lair:6
    Orc (2/2) D:12            Elf (0/3) Orc:2        Vaults (3/5) D:14
  Crypt (0/3) Vaults:3     Depths (5/5) D:15            Zot (0/5) Depths:5

Altars:
Ashenzari
Dithmenos
Elyvilon
Fedhas
Hepliaklqana
Kikubaaqudgha
Makhleb
Nemelex Xobeh
Uskayaw
Vehumet
Xom
Zin
Jiyva

Shops:
D:4 ?   D:5 (   D:8 :   Orc:2 !!*(   Vaults:1 [   Vaults:2 =

Portals:
Hell: Depths:1 Depths:2 Depths:3 Depths:4 Depths:5
Abyss: Depths:4
Pandemonium: Depths:1 Depths:3 Depths:5
Ziggurat: Depths:5


Innate Abilities, Weirdness & Mutations

You reflexively headbutt those who attack you in melee.
You have a pair of horns on your head.
You have sharp fingernails.
You are partially covered in icy blue scales. (AC +2)
You are very frail. (-20% HP)
[You tend to lose your temper in combat.]
[Armour fits poorly on your strangely shaped body.]
[You do not regenerate when monsters are visible.]
[You are occasionally teleported next to monsters.]


Message History

You miss something. You slash something!
You feel you are being watched by something.
Something barely misses you. You block something's attack.
Something stings you but does no damage.
You miss something. You headbutt something! You barely miss something.
You feel you are being watched by something.
Something completely misses you. You block something's attack.
Something stings you.
* * * LOW HITPOINT WARNING * * *
You barely miss something. Your headbutt misses something.
You closely miss something.
You feel you are being watched by something.
You feel your power leaking away. Something hits you!
* * * LOW HITPOINT WARNING * * *
You feel weakened. Something hits you.
You die...

. . . .
. #####
# ...##
##. ...
#φ..#..
#.....
##...)##
. #@#
#{#
#.2##
.'.t #..
#.# #.X
## # .


You could see a blizzard demon and an apocalypse crab.

Vanquished Creatures
  A juggernaut (Depths:5)
  Bai Suzhen (Swamp:3)
  3 caustic shrikes (Depths:5)
  2 golden dragons
  2 tentacled monstrosities
  Rupert (Lair:3)
  4 liches
  The ghost of xccam the Tortoise, an adept MiFi of the Shining One (Snake:4)
  A quicksilver dragon (Depths:5)
  A titan (Depths:5)
  5 tentacled starspawn
  8 sphinxes
  Gastronok (D:8)
  3 thorn hunters
  3 shadow dragons
  Kirke (Lair:4)
  A storm dragon (Depths:5)
  Roxanne (D:14)
  A fire giant (Depths:1)
  2 tengu reavers (Depths:5)
  A deep elf sorcerer (Depths:4)
  7 nagarajas
  A ghost moth (shapeshifter) (Depths:5)
  3 iron dragons
  9 vault wardens
  6 frost giants
  Louise (Depths:4)
  A deep elf elementalist (Depths:5)
  An angel (Abyss:4)
  The ghost of shakethe the Severer, a journeyman HOFi of Cheibriados (Lair:6)
  8 ironheart preservers
  3 spriggan defenders
  A draconian annihilator (Depths:5)
  An entropy weaver (Abyss:4)
  14 stone giants
  2 ophanim (Abyss:4)
  28 very ugly things
  Nessos (Lair:4)
  2 vampire knights (Depths:3)
  A red draconian (Depths:5)
  A deep elf demonologist (Depths:4)
  A deep elf annihilator (D:14)
  A purple draconian (Depths:5)
  3 black draconians (Depths:5)
  A white draconian (Depths:5)
  3 spark wasps
  12 ettins
  A deep elf death mage (Depths:4)
  11 fire dragons
  A minotaur (Lab)
  A deep elf high priest (Depths:5)
  7 yaktaur captains
  16 ice dragons
  8 naga warriors
  9 great orbs of eyes
  29 hydras
  6 spriggan air magi
  The ghost of tidbits the Martial Artist, a journeyman GnTm of Cheibriados (Orc:1)
  5 rakshasas
  5 anacondas
  14 vault guards
  6 centaur warriors
  4 death yaks
  17 ogre magi
  2 dancing weapons (Abyss:4)
  46 two-headed ogres
  9 tengu warriors
  12 alligators
  12 deep troll shamans
  16 deep troll earth magi
  A death knight (Vaults:3)
  A titan zombie (Abyss:4)
  21 naga sharpshooters
  14 thrashing horrors
  3 orc high priests (Orc:2)
  A vampire mage (Depths:3)
  A soul eater (Abyss:4)
  7 shock serpents
  Nergalle (Lair:4)
  7 spriggan berserkers
  The ghost of Xelenos the Grappler, a novice MiMo of Wu Jian (D:7)
  5 deep elf knights
  3 wretched stars
  A hell knight (Depths:2)
  3 salamander mystics
  A sun demon (Abyss:3)
  A sixfirhy (Abyss:2)
  2 iron trolls (Depths:1)
  A glowing orange brain (shapeshifter) (D:14)
  2 cherubim (Abyss:4)
  2 fire crabs (shapeshifter)
  5 unseen horrors
  7 naga ritualists
  A flayed ghost (Depths:5)
  37 deep trolls
  6 glowing orange brains
  12 swamp dragons
  2 spriggan druids (Swamp:4)
  2 shambling mangroves (Swamp:1)
  6 wizards
  3 deep elf archers
  15 ironbrand convokers
  2 phantasmal warriors (Depths:3)
  4 necromancers
  8 orc sorcerers
  4 mana vipers
  11 harpies
  A cyclops (shapeshifter) (Depths:2)
  3 oklob plants
  15 orc knights
  2 wolf spiders (Vaults:1)
  12 deep elf magi
  7 manticores
  A frost giant zombie (Vaults:1)
  64 ugly things
  A manticore (shapeshifter) (Depths:5)
  A worldbinder (Abyss:4)
  9 cyclopes
  11 salamanders
  An elephant (Lair:6)
  25 black mambas
  24 naga magi
  3 centaur zombies
  A molten gargoyle (D:14)
  A gargoyle (D:12)
  A smoke demon (Abyss:3)
  3 guardian serpents
  2 centaur skeletons (D:13)
  A torpor snail (Lair:4)
  8 vault sentinels
  24 spiny frogs
  3 kobold demonologists
  A spiny frog (shapeshifter) (Depths:2)
  10 komodo dragons
  4 freezing wraiths
  3 tengu conjurers
  31 yaktaurs
  3 hellwings (Abyss:3)
  4 ancient zymes
  7 trolls
  A harpy skeleton (Abyss:2)
  20 hornets
  Prince Ribbit (Lair:1)
  2 polar bears
  An ettin zombie (Vaults:1)
  6 tyrant leeches
  4 bog bodies
  9 hippogriffs
  7 blink frogs
  A dream sheep (Lair:6)
  40 slime creatures
  A stone giant simulacrum (Vaults:3)
  25 spriggans
  9 large abominations
  A vampire (D:14)
  2 air elementals (Depths:4)
  A centaur simulacrum (D:14)
  10 water elementals
  3 wyverns
  20 humans (D:14)
  3 wraiths
  4 shadows
  A fire elemental (D:14)
  54 yaks
  2 ynoxinuls
  7 hungry ghosts
  3 hogs (Lair:3)
  3 neqoxecs
  3 basilisks
  A steam dragon (D:12)
  14 vampire mosquitoes
  Grum (Lair:1)
  An ogre zombie (Vaults:1)
  6 small abominations
  A human simulacrum (Vaults:2)
  18 swamp worms
  8 wargs
  50 nagas
  Edmund (D:5)
  Menkaure (D:4)
  A soldier ant (D:12)
  16 insubstantial wisps
  13 water moccasins
  5 hell hounds (Depths:4)
  16 swamp drakes
  9 porcupines
  9 black bears
  38 orc warriors
  6 ice beasts
  4 sky beasts
  3 eyes of draining
  A necrophage (D:7)
  42 ogres
  2 phantoms
  38 wolves
  23 boggarts
  11 centaurs
  14 crocodiles
  A human zombie (Vaults:1)
  21 bullfrogs
  3 big kobolds
  8 gnoll sergeants (Bailey)
  2 earth elementals (Abyss:3)
  A yaktaur skeleton (Vaults:1)
  5 scorpions
  A water moccasin skeleton (D:11)
  7 killer bees
  7 wights
  6 electric eels
  2 howler monkeys (D:9)
  4 jellies
  8 crimson imps
  3 quasits
  A bullfrog zombie (D:12)
  11 starcursed masses
  2 iron imps
  A yaktaur simulacrum (Vaults:1)
  22 orc priests
  4 bullfrog skeletons
  6 gnoll shamans (Bailey)
  8 hounds
  31 orc wizards
  4 iguanas
  17 worker ants
  Natasha (thrice) (D:4)
  A killer bee zombie (D:10)
  2 hound zombies
  2 hound skeletons (D:5)
  3 worker ant zombies
  20 gnolls
  18 adders
  4 shadow imps
  A white imp (D:11)
  3 adder zombies
  3 adder skeletons (D:4)
  3 worms
  2 dart slugs (D:1)
  5 leopard geckos
  103 orcs
  5 bats
  8 giant cockroaches
  7 hobgoblins
  12 jackals
  6 kobolds
  7 quokkas
  5 frilled lizards
  8 goblins
  A leopard gecko skeleton (D:4)
  A quokka skeleton (D:6)
  A quokka zombie (D:3)
  10 rats
  5 briar patches (Swamp:3)
  A bush (Lair:3)
  3 crawling corpses (Depths:4)
  6 fungi
  2 lurking horrors
  7 plants
  3 starspawn tentacles (Abyss:3)
1940 creatures vanquished.

Vanquished Creatures (others)
  A stone giant (Depths:1)
  A yaktaur captain (Depths:4)
  2 centaur warriors
  2 naga sharpshooters
  A deep elf knight (Vaults:2)
  4 yaktaurs
  A bog body (Swamp:3)
  2 humans (Lair:4)
  A boggart (D:13)
  A small abomination (Abyss:3)
  A hornet simulacrum (Vaults:1)
  18 fungi
  A lurking horror (Abyss:3)
  13 plants
  13 starspawn tentacles
62 creatures vanquished.

Grand Total: 2002 creatures vanquished

Notes
Turn   | Place    | Note
-------+----------+-------------------------------------------
     0 | D:1      | JeronimusCornelisz the Minotaur Berserker began the quest for the Orb.
     0 | D:1      | Reached XP level 1. HP: 19/19 MP: 0/0
   236 | D:1      | Reached skill level 4 in Fighting
   236 | D:1      | Reached XP level 2. HP: 27/27 MP: 1/1
  1158 | D:2      | Reached XP level 3. HP: 25/33 MP: 2/2
  1252 | D:2      | Found a burning altar of Makhleb.
  1253 | D:2      | Found a sparkling altar of Nemelex Xobeh.
  1327 | D:2      | Reached ** piety under Trog
  1713 | D:2      | Found a faded altar of an unknown god.
  2045 | D:3      | Reached skill level 5 in Axes
  2045 | D:3      | Reached XP level 4. HP: 37/41 MP: 3/3
  2716 | D:3      | Reached XP level 5. HP: 46/47 MP: 4/4
  2919 | D:3      | Found an ancient bone altar of Kikubaaqudgha.
  3206 | D:4      | Reached *** piety under Trog
  3516 | D:4      | Found a staircase to the Ecumenical Temple.
  3694 | D:4      | Noticed Menkaure
  3704 | D:4      | Killed Menkaure
  3704 | D:4      | Reached XP level 6. HP: 23/53 MP: 5/5
  4136 | D:4      | Found Ceog's Magic Scroll Shoppe.
  4139 | D:4      | Bought a scroll of teleportation for 39 gold pieces
  4139 | D:4      | Bought a scroll of noise for 13 gold pieces
  4201 | D:4      | Reached skill level 1 in Slings
  4263 | D:4      | Noticed Natasha
  4274 | D:4      | Killed Natasha
  4334 | D:4      | Noticed Natasha
  4338 | D:4      | Killed Natasha
  4371 | D:4      | Noticed Natasha
  4381 | D:4      | Killed Natasha
  4448 | D:4      | Reached skill level 5 in Fighting
  4448 | D:4      | Reached skill level 1 in Stealth
  4448 | D:4      | Reached XP level 7. HP: 61/61 MP: 6/6
  4463 | D:5      | Entered Level 5 of the Dungeon
  4678 | D:5      | Reached **** piety under Trog
  5035 | D:5      | Found a hide-covered altar of Uskayaw.
  5213 | D:5      | Reached XP level 8. HP: 62/69 MP: 7/7
  5312 | D:5      | Found a radiant altar of Vehumet.
  5329 | D:5      | Noticed Edmund
  5339 | D:5      | Killed Edmund
  5428 | D:5      | Found a glowing silver altar of Zin.
  5463 | D:5      | Found Zaac's Weapon Emporium.
  5852 | D:6      | Received a gift from Trog
  5919 | D:6      | Reached ***** piety under Trog
  5964 | D:6      | Reached skill level 6 in Fighting
  6254 | D:6      | Reached skill level 5 in Armour
  6893 | D:6      | Found a shadowy altar of Dithmenos.
  6907 | D:6      | Reached skill level 5 in Slings
  7259 | D:7      | Found Zoripurr's Magic Scroll Shop.
  7399 | D:7      | Reached XP level 9. HP: 54/76 MP: 8/8
  7535 | D:7      | Bought a scroll of identify for 26 gold pieces
  7535 | D:7      | Bought a scroll of identify for 26 gold pieces
  7535 | D:7      | Bought a scroll of identify for 26 gold pieces
  7539 | D:7      | Bought a scroll of identify for 26 gold pieces
  7539 | D:7      | Bought a scroll of identify for 26 gold pieces
  8134 | D:7      | Reached skill level 7 in Fighting
  8299 | D:7      | Noticed Xelenos's ghost (novice MiMo)
  8325 | D:7      | Killed Xelenos's ghost
  8325 | D:7      | Reached skill level 10 in Axes
  8979 | D:8      | Noticed Gastronok
  9009 | D:8      | Killed Gastronok
  9009 | D:8      | Reached skill level 8 in Fighting
  9009 | D:8      | Reached skill level 5 in Dodging
  9009 | D:8      | Reached XP level 10. HP: 86/86 MP: 9/9
  9281 | D:8      | Received a gift from Trog
  9543 | D:8      | Received a gift from Trog
  9806 | D:8      | Found Fariz's Book Emporium.
 10089 | D:9      | Identified a scroll of acquirement
 10122 | D:9      | Found a flagged portal.
 10143 | Bailey   | Entered a bailey
 10637 | Bailey   | Received a gift from Trog
 11654 | D:9      | Noticed a two-headed ogre
 11667 | D:9      | Killed a two-headed ogre
 11667 | D:9      | Reached skill level 9 in Fighting
 12677 | D:9      | Received a gift from Trog
 12770 | D:9      | Found a shimmering altar of Xom.
 12775 | D:9      | Reached XP level 11. HP: 79/95 MP: 10/10
 12785 | D:9      | Noticed a two-headed ogre
 12796 | D:9      | Killed a two-headed ogre
 13296 | D:10     | Entered Level 10 of the Dungeon
 13305 | D:10     | Reached skill level 10 in Slings
 13373 | D:10     | Found a shattered altar of Ashenzari.
 14297 | D:10     | Killed an unseen horror
 14598 | D:10     | Killed an unseen horror
 15033 | D:11     | Found a staircase to the Lair.
 15208 | D:11     | Found a portal to a secret trove of treasure.
 15208 | D:11     | Noticed a green ugly thing
 15221 | D:11     | Killed a green ugly thing
 15828 | D:11     | Received a gift from Trog
 15832 | D:11     | Reached ****** piety under Trog
 15955 | D:11     | Reached skill level 10 in Fighting
 16112 | D:11     | Noticed a deep elf mage
 16119 | D:11     | Killed a deep elf mage
 16131 | D:11     | Noticed a deep elf mage
 16142 | D:11     | Killed a deep elf mage
 16480 | D:4      | Bought a scroll of enchant weapon for 97 gold pieces
 16480 | D:4      | Bought a scroll of noise for 13 gold pieces
 16480 | D:4      | Bought a scroll of identify for 26 gold pieces
 16480 | D:4      | Bought 3 scrolls of identify for 78 gold pieces
 16480 | D:4      | Bought a scroll of remove curse for 39 gold pieces
 16480 | D:4      | Bought a scroll of remove curse for 39 gold pieces
 16480 | D:4      | Bought a scroll of remove curse for 39 gold pieces
 16480 | D:4      | Bought a scroll of blinking for 97 gold pieces
 16576 | D:7      | Bought a scroll of teleportation for 39 gold pieces
 16576 | D:7      | Bought a scroll of enchant armour for 97 gold pieces
 16576 | D:7      | Bought a scroll of noise for 13 gold pieces
 16676 | D:5      | Bought a +3 blowgun for 253 gold pieces
 16676 | D:5      | Bought 2 javelins for 20 gold pieces
 16878 | Lair:1   | Entered Level 1 of the Lair of Beasts
 17068 | Lair:1   | Noticed Prince Ribbit
 17080 | Lair:1   | Reached XP level 12. HP: 70/104 MP: 11/11
 17084 | Lair:1   | Killed Prince Ribbit
 17084 | Lair:1   | Received a gift from Trog
 17444 | Lair:1   | Noticed Grum
 17469 | Lair:1   | Killed Grum
 18062 | Lair:2   | Reached skill level 10 in Armour
 18094 | Lair:2   | Found a labyrinth entrance.
 18164 | Lab      | Entered a labyrinth
 19016 | Lab      | Noticed a minotaur
 19038 | Lab      | Killed a minotaur
 19041 | Lab      | Got a bloodstained flail {speed}
 19041 | Lab      | Got a shimmering plate armour
 19080 | Lab      | Identified the +3 plate armour "Onniompi" {Str+2 Int+2} (You took it off a minotaur in a labyrinth)
 19128 | Lab      | Found an exit through the horrors of the Abyss.
 19351 | Lair:2   | Identified the +2 flail of Popular Demand {speed, +Rage Int+7} (You took it off a minotaur in a labyrinth)
 19419 | Lair:2   | Received a gift from Trog
 19804 | Lair:2   | Found a staircase to the Swamp.
 20209 | Lair:3   | Found a staircase to the Snake Pit.
 20312 | Lair:3   | Noticed a four-headed hydra
 20318 | Lair:3   | Killed a four-headed hydra
 20318 | Lair:3   | Reached skill level 1 in Shields
 20364 | Lair:3   | Reached skill level 11 in Fighting
 20392 | Lair:3   | Noticed Rupert
 20392 | Lair:3   | Paralysed by Rupert for 4 turns
 20405 | Lair:3   | Killed Rupert
 20934 | Lair:3   | Got an encrusted mace
 20987 | Lair:3   | Identified the +4 mace "Pudaof" {speed, rElec rPois rN+ Stlth+} (You found it on level 3 of the Lair of Beasts)
 21300 | Lair:3   | Reached XP level 13. HP: 114/114 MP: 12/12
 21407 | Lair:3   | You fall through a shaft for 2 floors!
 21994 | Lair:4   | Reached skill level 15 in Axes
 22014 | Lair:4   | Received a gift from Trog
 22110 | Lair:4   | Reached skill level 5 in Shields
 22279 | Lair:4   | Noticed Nessos
 22288 | Lair:4   | Killed Nessos
 22288 | Lair:4   | Reached skill level 12 in Fighting
 22347 | Lair:4   | Noticed Nergalle
 22356 | Lair:4   | Killed Nergalle
 22455 | Lair:4   | Noticed Kirke
 22560 | Lair:4   | Killed Kirke
 24791 | Lair:6   | Entered Level 6 of the Lair of Beasts
 24799 | Lair:5   | Received a gift from Trog
 24819 | Lair:6   | Reached skill level 13 in Fighting
 24849 | Lair:6   | Found a staircase to the Slime Pits.
 24850 | Lair:6   | Found a viscous altar of Jiyva.
 24978 | Lair:6   | Received a gift from Trog
 25006 | Lair:6   | Noticed shakethe's ghost (journeyman HOFi)
 25040 | Lair:6   | Killed shakethe's ghost
 25040 | Lair:6   | Reached XP level 14. HP: 42/127 MP: 0/13
 25794 | Lair:6   | Received a gift from Trog
 26050 | Lair:6   | Reached skill level 14 in Fighting
 26751 | Lair:6   | Paralysed by a hornet for 3 turns
 27175 | Lair:6   | Got a transparent hunting sling
 27176 | Lair:6   | Identified the cursed +1 hunting sling "Faowofo" {venom, -Tele rPois rF+++ Int-5} (You found it on level 6 of the Lair of Beasts)
 28077 | Lair:3   | Got a shimmering shortbow
 28493 | D:12     | Received a gift from Trog
 28603 | D:12     | Got a dazzling scale mail
 28779 | D:12     | Received a gift from Trog
 28852 | D:12     | Received a gift from Trog
 29195 | D:12     | Received a gift from Trog
 29900 | D:12     | Found a staircase to the Orcish Mines.
 30138 | D:12     | Got a translucent ring mail
 30158 | D:12     | Received a gift from Trog
 30432 | D:12     | Identified the +6 scale mail "Padefaon" {*Corrode rC+++ Regen+ Str+2} (You took it off an orc on level 12 of the Dungeon)
 30442 | D:12     | Identified the cursed +0 ring mail "Damnable Contraption" {Slay+2} (You found it on level 12 of the Dungeon)
 30573 | Orc:1    | Entered Level 1 of the Orcish Mines
 30576 | Orc:1    | Noticed tidbits's ghost (journeyman GnTm)
 31371 | Orc:1    | Killed tidbits's ghost
 31371 | Orc:1    | Reached skill level 15 in Fighting
 31377 | Orc:1    | Paralysed by an orc sorcerer for 4 turns
 31783 | Orc:1    | Received a gift from Trog
 32532 | Orc:2    | Entered Level 2 of the Orcish Mines
 32924 | Orc:2    | Found a staircase to the Elven Halls.
 33348 | Orc:2    | Received a gift from Trog
 34310 | Orc:2    | Received a gift from Trog
 34310 | Orc:2    | Reached XP level 15. HP: 123/139 MP: 4/14
 34888 | Orc:2    | Found Xown's Weapon Shoppe.
 34888 | Orc:2    | Found Umite's Distillery.
 34963 | Orc:2    | Found Becomoy's Assorted Antiques.
 34963 | Orc:2    | Found Foitsyly's Distillery.
 35000 | Orc:2    | Bought a scroll of identify for 46 gold pieces
 35000 | Orc:2    | Bought a fuming pink potion for 20 gold pieces
 35009 | Orc:2    | Bought a potion of flight for 42 gold pieces
 35009 | Orc:2    | Bought a potion of flight for 42 gold pieces
 35009 | Orc:2    | Bought a potion of heal wounds for 70 gold pieces
 35009 | Orc:2    | Bought 2 potions of heal wounds for 140 gold pieces
 35012 | Orc:2    | Bought a potion of might for 60 gold pieces
 35012 | Orc:2    | Bought a potion of heal wounds for 75 gold pieces
 35017 | Orc:2    | Bought a potion of flight for 45 gold pieces
 35347 | D:11     | You paid a toll of 11 potions of heal wounds to enter a treasure trove
 35348 | Trove    | Entered a treasure trove
 35679 | D:13     | Received a gift from Trog
 35858 | D:13     | Received a gift from Trog
 36097 | D:13     | Received a gift from Trog
 36467 | D:13     | Received a gift from Trog
 36551 | D:13     | Identified the Collected Works on Dusty Flames
 36832 | D:14     | Found a hazy altar of Hepliaklqana.
 36887 | D:14     | Received a gift from Trog
 37093 | D:14     | Noticed Roxanne
 37116 | D:14     | Killed Roxanne
 37452 | D:14     | Cast into level 2 of the Abyss (a wizard)
 37734 | Abyss:2  | Gained mutation: You are dopey. (Int -2) [a neqoxec]
 37895 | Abyss:2  | Reached skill level 10 in Dodging
 37904 | Abyss:2  | Reached skill level 16 in Fighting
 38077 | Abyss:2  | Noticed a tentacled starspawn
 38088 | Abyss:2  | Killed a tentacled starspawn
 38088 | Abyss:2  | Received a gift from Trog
 38105 | D:14     | Escaped the Abyss
 38296 | D:14     | Found a gate to the Vaults.
 38347 | D:14     | Found a burning altar of Makhleb.
 38883 | D:15     | Entered Level 15 of the Dungeon
 38894 | D:15     | Reached XP level 16. HP: 152/152 MP: 5/15
 39382 | D:15     | Received a gift from Trog
 39858 | D:15     | Received a gift from Trog
 40250 | D:15     | Reached skill level 17 in Fighting
 40379 | D:15     | Found a blossoming altar of Fedhas.
 40506 | D:15     | Found a staircase to the Depths.
 40807 | D:11     | Identified the cursed +1 shortbow of Famine {flame, Int+4} (You found it on level 3 of the Lair of Beasts)
 41551 | Swamp:1  | Entered Level 1 of the Swamp
 42753 | Swamp:1  | Got a jewelled battleaxe
 42754 | Swamp:1  | Identified the +8 battleaxe "Ilesacleb" {pain, rElec rF+ Int+2} (You found it on level 1 of the Swamp)
 43140 | Swamp:2  | Received a gift from Trog
 43675 | Swamp:2  | Reached skill level 18 in Fighting
 44526 | Swamp:3  | Noticed a thorn hunter
 44609 | Swamp:2  | HP: 7/235 [thorn hunter/volley of thorns (19)]
 44616 | Swamp:2  | Killed a thorn hunter
 45715 | Swamp:3  | Paralysed by a hornet for 2 turns
 46055 | Swamp:3  | Reached XP level 17. HP: 116/166 MP: 16/16
 46314 | Swamp:4  | Entered Level 4 of the Swamp
 46547 | Swamp:4  | Received a gift from Trog
 46658 | Swamp:4  | Noticed Bai Suzhen
 46892 | Swamp:4  | Reached skill level 19 in Fighting
 47467 | Swamp:4  | Got a decaying rune of Zot
 48188 | Swamp:3  | Killed Bai Suzhen
 49236 | Snake:1  | Entered Level 1 of the Snake Pit
 49330 | Snake:1  | Received a gift from Trog
 50071 | Snake:1  | Got a shimmering robe
 50072 | Snake:1  | Identified the +1 robe of Wonajist {*Slow Int+5 Dex+4} (You found it on level 1 of the Snake Pit)
 50881 | Snake:2  | You fall through a shaft!
 50898 | Snake:3  | Reached skill level 10 in Shields
 50922 | Snake:2  | Found a white marble altar of Elyvilon.
 51678 | Snake:2  | Reached skill level 20 in Fighting
 51980 | Snake:2  | Received a gift from Trog
 52539 | Snake:3  | Found a white marble altar of Elyvilon.
 52740 | Snake:3  | Reached XP level 18. HP: 176/178 MP: 17/17
 53993 | Snake:4  | Entered Level 4 of the Snake Pit
 54006 | Snake:4  | Noticed xccam's ghost (adept MiFi)
 54028 | Snake:4  | Killed xccam's ghost
 54152 | Snake:4  | Received a gift from Trog
 54566 | Snake:4  | Received a gift from Trog
 54747 | Snake:4  | Got a diamond-encrusted scale mail
 54758 | Snake:4  | Identified the cursed +1 scale mail "Qaown" {MR+} (You found it on level 4 of the Snake Pit)
 54910 | Snake:4  | Reached skill level 15 in Armour
 55680 | Snake:4  | HP: 8/180 [naga mage/bolt of poison (15)]
 56172 | Snake:4  | Reached skill level 21 in Fighting
 56178 | Snake:4  | Received a gift from Trog
 56956 | Snake:4  | Received a gift from Trog
 57244 | Snake:4  | Got a serpentine rune of Zot
 58545 | Orc:2    | Bought a potion of curing for 42 gold pieces
 58545 | Orc:2    | Bought 2 potions of haste for 280 gold pieces
 58545 | Orc:2    | Bought a potion of curing for 42 gold pieces
 58545 | Orc:2    | Bought a potion of curing for 42 gold pieces
 58545 | Orc:2    | Bought a potion of curing for 42 gold pieces
 58547 | Orc:2    | Bought a potion of resistance for 150 gold pieces
 58547 | Orc:2    | Bought 2 potions of cancellation for 240 gold pieces
 58547 | Orc:2    | Bought 2 potions of cancellation for 240 gold pieces
 58547 | Orc:2    | Bought a potion of curing for 45 gold pieces
 58557 | Orc:2    | Bought a potion of haste for 230 gold pieces
 58822 | Depths:1 | Entered Level 1 of the Depths
 58845 | Depths:1 | Received a gift from Trog
 59401 | Depths:1 | Reached XP level 19. HP: 145/191 MP: 6/18
 59646 | Depths:1 | Received a gift from Trog
 59892 | Depths:1 | Found a one-way gate leading to the halls of Pandemonium.
 60216 | Depths:1 | Reached skill level 22 in Fighting
 60455 | Depths:1 | Found a gateway to Hell.
 61620 | Depths:2 | Cast into level 3 of the Abyss (a lich)
 61724 | Abyss:3  | Received a gift from Trog
 61956 | Abyss:3  | Gained mutation: You are clumsy. (Dex -2) [a neqoxec]
 61964 | Abyss:3  | Gained mutation: Scrolls take you a little longer to read. [a neqoxec]
 61969 | Abyss:3  | Gained mutation: [Armour fits poorly on your strangely shaped body.] [a neqoxec]
 61970 | Depths:2 | Escaped the Abyss
 62009 | Depths:2 | Received a gift from Trog
 62285 | D:11     | Lost mutation: Scrolls take you a little longer to read. [potion of mutation]
 62285 | D:11     | Lost mutation: You are clumsy. (Dex -2) [potion of mutation]
 62285 | D:11     | Lost mutation: [Armour fits poorly on your strangely shaped body.] [potion of mutation]
 62285 | D:11     | Gained mutation: Your muscles are strong. (Str +2) [potion of mutation]
 62285 | D:11     | Gained mutation: Your spells are a little harder to cast, but a little more powerful. [potion of mutation]
 62285 | D:11     | Lost mutation: Your spells are a little harder to cast, but a little more powerful. [potion of mutation]
 62285 | D:11     | Gained mutation: You possess an exceptional clarity of mind. [potion of mutation]
 62286 | D:11     | Lost mutation: You possess an exceptional clarity of mind. [potion of mutation]
 62286 | D:11     | Lost mutation: Your muscles are strong. (Str +2) [potion of mutation]
 62286 | D:11     | Lost mutation: You are dopey. (Int -2) [potion of mutation]
 62286 | D:11     | Gained mutation: You occasionally shout uncontrollably at your foes. [potion of mutation]
 62286 | D:11     | Gained mutation: You have sharp fingernails. [potion of mutation]
 62287 | D:11     | Lost mutation: You occasionally shout uncontrollably at your foes. [potion of mutation]
 62287 | D:11     | Lost mutation: You have sharp fingernails. [potion of mutation]
 62287 | D:11     | Gained mutation: [You tend to lose your temper in combat.] [potion of mutation]
 62287 | D:11     | Gained mutation: Your body sometimes deteriorates upon taking damage. [potion of mutation]
 62287 | D:11     | Gained mutation: You have sharp toenails. [potion of mutation]
 62288 | D:11     | Lost mutation: Your body sometimes deteriorates upon taking damage. [potion of mutation]
 62288 | D:11     | Lost mutation: [You tend to lose your temper in combat.] [potion of mutation]
 62288 | D:11     | Lost mutation: You have sharp toenails. [potion of mutation]
 62288 | D:11     | Gained mutation: You are partially covered in icy blue scales. (AC +2) [potion of mutation]
 62288 | D:11     | Gained mutation: You are frail. (-10% HP) [potion of mutation]
 62288 | D:11     | Gained mutation: You have sharp fingernails. [potion of mutation]
 63386 | Depths:3 | Reached skill level 23 in Fighting
 63387 | Depths:3 | Reached skill level 15 in Shields
 63597 | Depths:2 | Received a gift from Trog
 63942 | Depths:3 | Reached XP level 20. HP: 136/182 MP: 19/19
 64116 | Depths:3 | Received a gift from Trog
 64299 | Depths:3 | Paralysed by something for 4 turns
 64322 | Depths:3 | Received a gift from Trog
 66223 | Depths:3 | Reached skill level 24 in Fighting
 66246 | Depths:3 | Received a gift from Trog
 66873 | Depths:4 | Received a gift from Trog
 67506 | Depths:4 | Paralysed by a hornet for 2 turns
 67745 | Depths:4 | Found a one-way gate to the infinite horrors of the Abyss.
 67745 | Depths:4 | Noticed Louise
 67803 | Depths:4 | Killed Louise
 67803 | Depths:4 | Reached XP level 21. HP: 106/193 MP: 20/20
 68048 | Depths:4 | Got a heavily runed large shield
 68059 | Depths:4 | Identified the +6 large shield of the Shoals {rN+ Dex+2} (You took it off Louise on level 4 of the Depths)
 68155 | Depths:4 | Noticed a golden dragon
 68168 | Depths:4 | Killed a golden dragon
 68691 | Depths:4 | Received a gift from Trog
 68695 | Depths:4 | Reached skill level 15 in Dodging
 69338 | Depths:5 | Entered Level 5 of the Depths
 69338 | Depths:5 | Noticed a juggernaut
 69357 | Depths:5 | Killed a juggernaut
 69357 | Depths:5 | Received a gift from Trog
 69597 | Depths:5 | Found a gateway to a ziggurat.
 69926 | Depths:5 | Received a gift from Trog
 69944 | Depths:5 | Identified the +8 hand axe "Wile" {chop, MR+ MP-9 Dex+4} (Trog gifted it to you on level 5 of the Depths)
 70513 | Depths:5 | Reached skill level 25 in Fighting
 71345 | Depths:5 | Noticed a caustic shrike
 71357 | Depths:5 | Noticed a caustic shrike
 71357 | Depths:5 | Killed a caustic shrike
 71357 | Depths:5 | Received a gift from Trog
 71369 | Depths:5 | Noticed a caustic shrike
 71380 | Depths:5 | Killed a caustic shrike
 71387 | Depths:5 | Killed a caustic shrike
 71659 | Depths:5 | Reached XP level 22. HP: 148/203 MP: 21/21
 71792 | Depths:5 | Noticed a golden dragon
 71809 | Depths:5 | Killed a golden dragon
 72207 | Depths:5 | Found a gate to the Realm of Zot.
 72217 | Depths:5 | Cast into level 4 of the Abyss (a lich)
 72228 | Abyss:4  | Found a glowing golden altar of the Shining One.
 72313 | Abyss:4  | Noticed a juggernaut
 72350 | Abyss:4  | Found a corrupted altar of Lugonu.
 72397 | Abyss:4  | Gained mutation: You are very frail. (-20% HP) [a neqoxec]
 72491 | Depths:5 | Escaped the Abyss
 73450 | Depths:4 | Got a transparent dire flail {crush}
 74086 | D:11     | Identified the cursed +2 dire flail of the Heavens {crush, Str-3 Int+7} (You took it off a centaur warrior on level 4 of the Depths)
 74330 | Vaults:1 | Entered Level 1 of the Vaults
 74459 | Vaults:1 | Received a gift from Trog
 74460 | Vaults:1 | Found the +14 obsidian axe {chop, +Fly SInv *Curse}
 74633 | Vaults:1 | Found Tyqeusuw's Antique Armour Shoppe.
 74645 | Vaults:1 | Bought a distressingly furry cloak for 304 gold pieces
 74645 | Vaults:1 | Bought a pair of embroidered boots for 240 gold pieces
 74655 | Vaults:1 | Identified the cursed +0 cloak of the Elven Halls {Str+4 Slay-5} (You bought it in a shop on level 1 of the Vaults)
 74665 | Vaults:1 | Identified a +1 pair of boots of running (You bought it in a shop on level 1 of the Vaults)
 75909 | Vaults:1 | Received a gift from Trog
 75915 | Vaults:1 | Reached skill level 26 in Fighting
 76228 | Vaults:1 | Received a gift from Trog
 76726 | Vaults:1 | Received a gift from Trog
 76975 | Vaults:2 | Received a gift from Trog
 77518 | Vaults:2 | Received a gift from Trog
 77531 | Vaults:2 | Reached XP level 23. HP: 164/190 MP: 22/22
 77690 | Vaults:2 | Found Vugh's Jewellery Boutique.
 77756 | Vaults:2 | Bought the ring of Shadows {Umbra +Inv Stlth+} for 800 gold pieces
 77756 | Vaults:2 | Found the ring of Shadows {Umbra +Inv Stlth+}
 78055 | Vaults:2 | Paralysed by an ogre mage for 4 turns
 79164 | Vaults:3 | Received a gift from Trog
 79305 | Vaults:3 | Got a smoking war axe {god gift}
 79306 | Vaults:3 | Identified the +4 war axe of the Doomed Warrior {protect, rC+ Str+6 Int+4} (Trog gifted it to you on level 3 of the Vaults)
 79377 | Vaults:3 | Found a staircase to the Crypt.
 79757 | Vaults:3 | Cast into level 3 of the Abyss (vault warden)
 80021 | Abyss:4  | HP: 9/191 [starcursed mass/accursed screaming (7)]
 80124 | Abyss:4  | Reached skill level 27 in Fighting
 80135 | Abyss:4  | HP: 3/192 [something (10)]
 80135 | Abyss:4  | Slain by a ghost moth

Skill      XL: |  1  2  3  4  5  6  7  8  9 10 11 12 13 14 15 16 17 18 19 20 21 22 23 |
---------------+----------------------------------------------------------------------+-----
Fighting       | 4 5 6 8 9 10 11 13 15 16 18 20 21 23 24 25 26 27 | 27.0
Axes           | 4 5 6 7 8 9 10 11 13 14 16 18 | 18.0
Armour         | 3 4 5 6 7 9 10 11 12 13 14 15 16 17 | 17.7
Dodging        | 3 4 5 6 7 8 9 10 11 12 13 14 15 | 15.5
Slings         | 2 3 5 8 9 10 11 13 | 13.9
Stealth        | 1 2 3 |  3.1
Shields        | 3 5 7 11 13 15 16 19 21 22 | 22.5
Throwing       | |  0.8
Evocations     | |  0.8

Action                   |  1- 3 |  4- 6 |  7- 9 | 10-12 | 13-15 | 16-18 | 19-21 | 22-24 || total
-------------------------+-------+-------+-------+-------+-------+-------+-------+-------++-------
Melee: Hand axe          |    91 |   110 |   212 |   602 |       |     1 |       |       ||  1016
       Headbutt          |    12 |    13 |    45 |   177 |   340 |   285 |   407 |   253 ||  1532
       War axe           |       |       |       |    37 |   710 |     2 |    25 |    26 ||   800
       Battleaxe         |       |       |       |    15 |       |       |       |       ||    15
       Mace              |       |       |       |       |    18 |   151 |    23 |       ||   192
       Broad axe         |       |       |       |       |   483 |   949 |  1245 |   775 ||  3452
       Flail             |       |       |       |       |       |     5 |       |       ||     5
 Fire: Hunting sling     |       |    27 |   137 |   261 |       |       |       |       ||   425
       Fustibalus        |       |       |       |    70 |   445 |   815 |   409 |   276 ||  2015
       Blowgun           |       |       |       |       |       |     2 |       |       ||     2
Throw: Tomahawk          |     2 |     4 |       |     3 |       |     2 |       |       ||    11
       Stone             |       |     1 |       |       |       |       |       |       ||     1
       Javelin           |       |       |       |       |       |     9 |       |     6 ||    15
Invok: Berserk           |       |     3 |     3 |     6 |     9 |     4 |     2 |       ||    27
       Burn Spellbooks   |       |     1 |     3 |     3 |     5 |     2 |     3 |       ||    17
       Trog's Hand       |       |       |       |       |     1 |       |     1 |     1 ||     3
 Abil: Evoke Flight      |       |       |       |       |       |       |     2 |       ||     2
       Stop Flying       |       |       |       |       |       |       |     1 |       ||     1
Evoke: Wand              |       |       |       |       |     2 |     2 |     5 |     8 ||    17
  Use: Scroll            |       |     5 |     9 |    22 |    21 |    21 |     7 |     9 ||    94
       Potion            |       |       |       |       |     2 |     5 |     7 |    10 ||    24
 Stab: Fleeing           |       |       |       |       |     1 |       |       |       ||     1
       Sleeping          |       |       |       |       |       |       |       |     2 ||     2
       Distracted        |       |       |       |       |       |       |       |     1 ||     1
  Eat: Chunk             |     3 |    11 |    10 |    14 |    41 |    21 |    16 |    15 ||   131
       Ration            |       |       |     2 |    10 |     7 |    14 |     8 |     3 ||    44
Armor: Animal skin       |     6 |       |       |       |       |       |       |       ||     6
       Leather armour    |    10 |    10 |       |       |       |       |       |       ||    20
       Ring mail         |       |    27 |    53 |    12 |    18 |       |       |       ||   110
       Chain mail        |       |       |       |    43 |       |       |       |       ||    43
       Scale mail        |       |       |       |   259 |   377 |   474 |   386 |     6 ||  1502
       Plate armour      |       |       |       |     8 |       |       |       |       ||     8
       Gold dragon scale |       |       |       |       |       |       |       |   255 ||   255
Dodge: Dodged            |    50 |    58 |   122 |   405 |   858 |   900 |   744 |   273 ||  3410
Block: Buckler           |       |       |       |     1 |   237 |   446 |   436 |       ||  1120
       Reflection        |       |       |       |       |       |    65 |    22 |    62 ||   149
       Shield            |       |       |       |       |       |       |   218 |   643 ||   861
       Large shield      |       |       |       |       |       |       |   148 |       ||   148
